 Dungeon Crawl Stone Soup version 0.29.0-4-gdea44cf6ec (webtiles) character file.

Game seed: 1605750554290675008

284 qw the Chopper (level 6, -1/35 HPs)
             Began as a Tengu Warper on Aug 28, 2022.
             Blown up by Ijyb (16 damage)
             ... with a mindburst bolt
             ... on level 4 of the Dungeon.
             The game lasted 00:00:23 (3912 turns).

qw the Chopper (Tengu Warper)                       Turns: 3912, Time: 00:00:24

Health: -1/35      AC:  8    Str: 13    XL:     6   Next: 29%
Magic:  10/10      EV:  5    Int: 14    God:
Gold:   183        SH:  8    Dex: 13    Spells: 9/9 levels left

rFire   . . .      SeeInvis .   g - +0 war axe
rCold   . . .      Faith    .   c - +0 kite shield
rNeg    . . .      Spirit   .   i - +0 chain mail
rPois   .          Reflect  .   (helmet restricted)
rElec   .          Harm     .   (no cloak)
rCorr   .          Rampage  .   (no gloves)
Will    .....                   (boots unavailable)
Stlth   ..........              (no amulet)
HPRegen 0.11/turn               (no ring)
MPRegen 0.12/turn               (no ring)

@: flying quickly and evasively, quick
A: beak, talons 3, nimble flight
a: no special abilities


You were on level 4 of the Dungeon.
You visited 1 branch of the dungeon, and saw 4 of its levels.

You collected 183 gold pieces.


Innate Abilities, Weirdness & Mutations

You have a beak for a mouth.
You have claws for feet.
Your magical nature lets you fly swiftly and evasively.


   Skills:
 - Level 2.0 Fighting
 - Level 6.0 Axes
 - Level 1.0 Throwing
 - Level 2.3 Armour
 - Level 2.1 Dodging
 + Level 2.3 Shields
 - Level 2.0 Spellcasting
 - Level 2.4 Translocations


You had 9 spell levels left.
You didn't know any spells.
Your spell library contained the following spells:

 Spells                   Type           Power      Damage    Failure   Level
 Blink                    Tloc           16%        N/A       100%        2
 Gell's Gravitas          Tloc           8%         N/A       100%        3
 Lesser Beckoning         Tloc           8%         N/A       100%        3
 Teleport Other           Tloc           8%         N/A       100%        3
 Manifold Assault         Tloc           8%         N/A       100%        5

Inventory:

Hand Weapons
 f - a +0 flail
 g - a +0 war axe (weapon)
Armour
 c - a +0 kite shield (worn)
 i - a +0 chain mail (worn)
Jewellery
 l - a +6 ring of dexterity
Scrolls
 b - 2 scrolls of identify
 h - a scroll of teleportation
 j - a scroll of enchant armour
 k - a scroll of immolation {unknown}
Potions
 a - a potion of cancellation
 d - a potion of heal wounds
 e - 5 potions of curing

Dungeon Overview and Level Annotations

Branches:
Dungeon (4/15)
 Temple: D:4-7

Altars:
Elyvilon
Nemelex Xobeh

Annotations:
D:4 Ijyb


Message History

a +0 club; a +2 leather armour of poison resistance; a goblin corpse Ijyb shouts!
Enter note:
Enter note:
Enter note:
Enter note: You barely miss Ijyb.
You peck Ijyb, but do no damage.
Ijyb zaps a wand.
Your mind is blasted!
Ijyb hits you with a +0 dagger.
You closely miss Ijyb. You claw Ijyb.
Ijyb is moderately wounded.
Ijyb screams, "Me stronger than you!" Ijyb hits you with a +0 dagger.
You hit Ijyb. Your kick misses Ijyb. Your peck misses Ijyb.
Ijyb is heavily wounded.
Ijyb screams, "Die!"
Ijyb hits you but does no damage.
You hit Ijyb but do no damage. You claw Ijyb.
Ijyb is heavily wounded.
Ijyb screams, "Me kill you!" Ijyb hits you but does no damage. x2
You barely miss Ijyb. Your kick misses Ijyb.
Ijyb is heavily wounded.
Ijyb hits you but does no damage.
You barely miss Ijyb. Your peck misses Ijyb.
Ijyb is heavily wounded.
Ijyb hits you with a +0 dagger. x2
You closely miss Ijyb. You claw Ijyb, but do no damage.
Ijyb is heavily wounded.
You block Ijyb's attack.
You hit Ijyb but do no damage.
Ijyb is heavily wounded.
Ijyb zaps a wand.
You barely resist. You closely miss Ijyb. You claw Ijyb, but do no damage.
Ijyb is heavily wounded.
You block Ijyb's attack.
Ijyb zaps a wand.
Your mind is blasted!
You barely miss Ijyb. You claw Ijyb, but do no damage.
Ijyb is heavily wounded.
Ijyb grins evilly.
Ijyb zaps a wand.
Your mind is blasted!
You die...

...............
....##........###.##.
...#..........##....
##........#...####...
#.........#..)##.#...
#..~~~~.........)....
#..~~~~8...........P.
##..~~~~..............
#####....@g...........##..
##.#..................#####
#......................####
#......#............<..#.##
#.....##...............#^.)
#....##..............#.....
###
####...###.....#..#..###.....
..###..##.)##.....##.##
#..... #.##.##.#..<.####..
#.......


You could see Ijyb.

Vanquished Creatures
  An ogre (D:3)
  2 hounds
  4 adders
  A worm (D:3)
  3 dart slugs (D:2)
  9 orcs
  2 bats
  7 endoplasms
  3 giant cockroaches
  8 goblins
  10 hobgoblins
  13 jackals
  2 quokkas
  8 ball pythons
  A frilled lizard (D:2)
  4 kobolds
  3 rats
81 creatures vanquished.

Vanquished Creatures (others)
  A ball python (D:2)
1 creature vanquished.

Grand Total: 82 creatures vanquished

Notes
Turn   | Place    | Note
-------+----------+-------------------------------------------
     0 | D:1      | qw the Tengu Warper began the quest for the Orb.
     0 | D:1      | Reached XP level 1. HP: 12/12 MP: 4/4
     0 | D:1      | 0 ||| qw: Version: 0.1-a-89-g26bdef1
     0 | D:1      | 0 ||| qw: Game counter: 1437
     0 | D:1      | 0 ||| qw: Always use a shield: true
     0 | D:1      | 0 ||| qw: God list: Okawaru
     0 | D:1      | 0 ||| qw: Allow faded altars: false
     0 | D:1      | 0 ||| qw: Do Orc after D:15 true
     0 | D:1      | 0 ||| qw: Do second Lair branch before Depths: true
     0 | D:1      | 0 ||| qw: Lair rune preference: random
     0 | D:1      | 0 ||| qw: Plans: Normal
     0 | D:1      | 0 ||| PLANNING D:1-11
   452 | D:1      | 452 ||| Stepping ~*~*~tactically~*~*~ (stealth).
   455 | D:1      | 455 ||| Stepping ~*~*~tactically~*~*~ (stealth).
   459 | D:1      | Reached skill level 3 in Axes
   459 | D:1      | Reached XP level 2. HP: 13/17 MP: 6/6
   472 | D:1      | 472 ||| Stepping ~*~*~tactically~*~*~ (stealth).
   473 | D:1      | 473 ||| Stepping ~*~*~tactically~*~*~ (stealth).
   488 | D:1      | 488 ||| Stepping ~*~*~tactically~*~*~ (stealth).
   489 | D:1      | 489 ||| Stepping ~*~*~tactically~*~*~ (stealth).
   497 | D:1      | 497 ||| Stepping ~*~*~tactically~*~*~ (stealth).
   498 | D:1      | 498 ||| Stepping ~*~*~tactically~*~*~ (stealth).
   500 | D:1      | 500 ||| Stepping ~*~*~tactically~*~*~ (stealth).
   632 | D:1      | 632 ||| Stepping ~*~*~tactically~*~*~ (stealth).
   827 | D:1      | Found a faded altar of an unknown god.
   980 | D:1      | 980 ||| UPGRADING to +0 chain mail.
   990 | D:1      | 990 ||| DROPPING +0 leather armour.
   991 | D:1      | 991 ||| READING scroll labelled TUFIECU ORHI.
   992 | D:1      | 992 ||| READING scroll labelled ORRORA IZAAVOC.
   993 | D:1      | 993 ||| READING scroll labelled ENAF WOYREBBA.
   996 | D:1      | 996 ||| READING scroll labelled ELUINU TON HOO.
   997 | D:1      | 997 ||| DRINKING 3 sedimented red potions.
   998 | D:1      | 998 ||| DROPPING scroll of blinking.
  1026 | D:2      | 1026 ||| Stepping ~*~*~tactically~*~*~ (hiding).
  1201 | D:2      | Reached XP level 3. HP: 18/21 MP: 7/7
  1276 | D:2      | Found a white marble altar of Elyvilon.
  1333 | D:2      | 1333 ||| DROPPING +0 whip.
  1361 | D:2      | 1361 ||| Stepping ~*~*~tactically~*~*~ (hiding).
  1376 | D:2      | Reached skill level 4 in Axes
  1545 | D:2      | HP: 5/21 [adder (1)]
  2051 | D:2      | 2051 ||| Stepping ~*~*~tactically~*~*~ (stealth).
  2053 | D:2      | 2053 ||| Stepping ~*~*~tactically~*~*~ (hiding).
  2064 | D:2      | Reached XP level 4. HP: 25/26 MP: 8/8
  2191 | D:2      | 2191 ||| READING scroll labelled GEAFOE XEAJUF.
  2192 | D:2      | 2192 ||| READING scroll labelled COARHO HARADD.
  2193 | D:2      | 2193 ||| READING scroll labelled IRGHAI VA TICSOO.
  2194 | D:2      | 2194 ||| READING 3 scrolls of identify.
  2194 | D:2      | 2194 ||| IDENTIFYING inky potion
  2195 | D:2      | 2195 ||| READING 2 scrolls of identify.
  2195 | D:2      | 2195 ||| IDENTIFYING dark potion
  2216 | D:3      | 2216 ||| STAIRDANCE
  2593 | D:3      | Reached skill level 5 in Axes
  2595 | D:3      | Noticed an ogre
  2603 | D:3      | HP: 2/26 [ogre/+0 giant club (7)]
  2604 | D:3      | 2604 ||| DRINKING potion of heal wounds.
  2606 | D:3      | Killed an ogre
  2607 | D:3      | Reached skill level 6 in Axes
  2607 | D:3      | Gained mutation: Your magical nature lets you fly swiftly
                  | and evasively. [Tengu growth]
  2607 | D:3      | Reached XP level 5. HP: 9/30 MP: 9/9
  2669 | D:3      | 2669 ||| FLEEEEING.
  2846 | D:3      | 2846 ||| DROPPING +0 mace of protection.
  2857 | D:3      | 2857 ||| Stepping ~*~*~tactically~*~*~ (stealth).
  2860 | D:3      | 2860 ||| Stepping ~*~*~tactically~*~*~ (stealth).
  3271 | D:3      | 3271 ||| UPGRADING to +0 kite shield.
  3276 | D:3      | 3276 ||| READING scroll labelled HET VORINGORIVVO.
  3277 | D:3      | 3277 ||| READING 3 scrolls of identify.
  3277 | D:3      | 3277 ||| IDENTIFYING emerald potion
  3278 | D:3      | 3278 ||| DROPPING potion of ambrosia.
  3332 | D:4      | 3332 ||| Stepping ~*~*~tactically~*~*~ (stealth).
  3356 | D:4      | Reached skill level 1 in Shields
  3356 | D:4      | Reached XP level 6. HP: 31/35 MP: 10/10
  3356 | D:4      | 3356 ||| FLEEEEING.
  3357 | D:4      | 3357 ||| FLEEEEING.
  3358 | D:4      | 3358 ||| FLEEEEING.
  3360 | D:4      | 3360 ||| FLEEEEING.
  3361 | D:4      | 3361 ||| FLEEEEING.
  3362 | D:4      | 3362 ||| FLEEEEING.
  3363 | D:4      | 3363 ||| FLEEEEING.
  3364 | D:4      | 3364 ||| FLEEEEING.
  3465 | D:4      | 3465 ||| Stepping ~*~*~tactically~*~*~ (stealth).
  3466 | D:4      | 3466 ||| Stepping ~*~*~tactically~*~*~ (stealth).
  3488 | D:4      | 3488 ||| Stepping ~*~*~tactically~*~*~ (stealth).
  3496 | D:4      | 3496 ||| Stepping ~*~*~tactically~*~*~ (stealth).
  3511 | D:4      | 3511 ||| Stepping ~*~*~tactically~*~*~ (stealth).
  3547 | D:4      | 3547 ||| SWAPPING to +0 war axe.
  3548 | D:4      | 3548 ||| DROPPING +0 hand axe of venom.
  3784 | D:4      | 3784 ||| Stepping ~*~*~tactically~*~*~ (stealth).
  3796 | D:4      | 3796 ||| Stepping ~*~*~tactically~*~*~ (stealth).
  3797 | D:4      | 3797 ||| Stepping ~*~*~tactically~*~*~ (stealth).
  3841 | D:4      | Found a sparkling altar of Nemelex Xobeh.
  3889 | D:4      | Noticed Ijyb
  3890 | D:4      | 3890 ||| Stepping ~*~*~tactically~*~*~ (stealth).
  3912 | D:4      | Blown up by Ijyb

Levels and vault maps discovered:
D:1:      sevenhm_arrival_forest_fort_small_6, layout_loops_cross,
          shapermc_ecumenical_altar_ellora
D:2:      layout_basic, basic_altar, kennysheep_decorative_pillar,
          hangedman_decor_diamond_cutter, minmay_goblin_kobold_house
D:3:      layout_loops_ring, serial_glass, glass_columns_c, glass_columns_a
D:4:      layout_cave_pools, marbit_many_paths, serial_park, serial_park_tiny_1,
          serial_park_tiny_pond, serial_park_tiny_1, serial_park_gazebo
          [serial_park_minivault_5x5_3], serial_park_tiny_2, kennysheep_donut,
          uniq_ijyb

Skill      XL: |  1  2  3  4  5  6 |
---------------+-------------------+-----
Axes           | 3 4 6 |  6.0
Armour         | 2 |  2.3
Shields        | 1 2 |  2.3
Fighting       | |  2.0
Throwing       | |  1.0
Dodging        | |  2.1
Spellcasting   | |  2.0
Translocations | |  2.4

Action                   |  1- 3 |  4- 6 || total
-------------------------+-------+-------++-------
Melee: Hand axe          |    83 |    83 ||   166
       Kick              |    16 |    29 ||    45
       Peck              |     8 |    14 ||    22
       Punch             |     1 |       ||     1
       War axe           |       |    34 ||    34
Throw: Boomerang         |     7 |       ||     7
  Use: Scroll            |     4 |     7 ||    11
       Potion            |     1 |     1 ||     2
Armor: Leather armour    |     6 |       ||     6
       Chain mail        |    36 |    62 ||    98
Dodge: Dodged            |    28 |    26 ||    54
Block: Kite shield       |       |    21 ||    21

Table legend:
 A = Non-vault XP
 B = Vault XP
 C = Vault XP percentage of total XP
 D = Non-vault monster count
 E = Vault monster count
 F = Vault count percentage of total count
                 A         B        C        D         E       F
            +---------+---------+-------+---------+---------+-------
      Total |     384 |      23 |   5.7 |      75 |       6 |   7.4
            +---------+---------+-------+---------+---------+-------
        D:1 |      25 |       0 |   0.0 |      13 |       0 |   0.0
        D:2 |      48 |      10 |  17.2 |      18 |       5 |  21.7
        D:3 |     210 |       0 |   0.0 |      16 |       0 |   0.0
        D:4 |     101 |      13 |  11.4 |      28 |       1 |   3.4
            +---------+---------+-------+---------+---------+-------
